 Dungeon Crawl Stone Soup version 0.30.0-17-ge0270778cf (webtiles) character file.

Game seed: 18184392774584122560

22 gelatine the Gusty (level 2, -2/19 HPs)
             Began as a Demonspawn Air Elementalist on May 21, 2023.
             Slain by a worm (11 damage)
             ... on level 2 of the Dungeon.
             The game lasted 00:02:17 (1374 turns).

gelatine the Gusty (Demonspawn Air Elementalist)    Turns: 1374, Time: 00:02:18

Health: -2/19      AC:  2    Str:  8    XL:     2   Next: 68%
Magic:  1/5        EV: 12    Int: 18    God:
Gold:   60         SH:  0    Dex: 13    Spells: 2/5 levels left

rFire   . . .        k - +0 short sword
rCold   . . .        (no shield)
rNeg    . . .        a - +0 robe
rPois   .            (no helmet)
rElec   .            (no cloak)
rCorr   +            (no gloves)
SInv    .            (no boots)
Will    .....        (no amulet)
Stlth   ++           e - ring of resist corrosion
HPRegen 0.23/turn    (no ring)
MPRegen 0.09/turn

%: no passive effects
@: no status effects
A: big brain 1
a: no special abilities


You were on level 2 of the Dungeon.
You visited 1 branch of the dungeon, and saw 2 of its levels.

You collected 60 gold pieces.

Inventory:

Hand Weapons
 k - a +0 short sword (weapon)
Armour
 a - a +0 robe (worn)
Jewellery
 e - a ring of resist corrosion (left hand)
Scrolls
 d - a scroll of identify {unknown}
 f - a scroll of fear {unknown}
 h - 2 scrolls of fog {unknown}
 j - a scroll of teleportation {unknown}
Potions
 b - a potion of magic
 c - a potion of invisibility {unknown}
 g - a potion of might {unknown}
 i - a potion of lignification {unknown}


   Skills:
 * Level 0.2 Fighting
 * Level 2.0 Dodging
 + Level 1.8 Stealth
 * Level 2.1 Spellcasting
 * Level 1.3 Conjurations
 * Level 3.2 Air Magic


You had 2 spell levels left.
You knew the following spells:

 Your Spells              Type           Power      Damage    Failure   Level
a - Shock                 Conj/Air       40%        1d5       7%          1
b - Static Discharge      Conj/Air       20%        2-3/arc   11%         2

Your spell library contained the following spells:

 Spells                   Type           Power      Damage    Failure   Level
 Swiftness                Air            13%        N/A       14%         3
 Airstrike                Air            6%         2d(1-17)  43%         4


Dungeon Overview and Level Annotations

Branches:
Dungeon (2/15)

Altars:


Innate Abilities, Weirdness & Mutations

You have an unusually large brain. (Int +2)


Message History

The goblin hits you with a +0 club.
You hit the goblin.
The goblin is heavily wounded.
The goblin closely misses you.
You barely miss the goblin.
The goblin is heavily wounded.
The goblin misses you.
You barely miss the goblin.
The goblin is heavily wounded.
The goblin completely misses you.
You closely miss the goblin.
The goblin is heavily wounded.
The goblin hits you with a +0 club.
You hit the goblin but do no damage.
The goblin is heavily wounded.
The goblin misses you.
You barely miss the goblin.
The goblin is heavily wounded.
The goblin hits you with a +0 club.
The zap misses the goblin.
The zap hits the worm.
The worm is moderately wounded.
The goblin hits you with a +0 club.
You barely miss the goblin.
The goblin is heavily wounded.
The goblin hits you with a +0 club.
You barely miss the goblin.
The goblin is heavily wounded.
The goblin closely misses you.
You hit the goblin.
The goblin is severely wounded.
The goblin barely misses you.
You hit the goblin.
You kill the goblin!
You hit the worm.
The worm is moderately wounded.
You hit the worm.
The worm is heavily wounded.
The worm bites you!
Ouch! That really hurt!
You die...

..# #.# #.# #.# #.# ##+##
#.# #.# ##...## #.# #.#
##.....## #.## ..#
##.......## #..####..
..####.........####.......#
.....'.........'@w.........
..####.........####...##...
.######.......## ##.##
.....###.....## .# ####.#
##...## .# ##'## w# ## #.#
.# .# #.# .# .# # #.#


You could see a worm.

Vanquished Creatures
  A dart slug (D:1)
  An endoplasm (D:1)
  2 goblins
  2 hobgoblins (D:1)
  2 quokkas (D:1)
  2 ball pythons (D:1)
  2 bats
  A frilled lizard (D:1)
  5 kobolds (D:1)
  A rat (D:1)
19 creatures vanquished.

Notes
Turn   | Place    | Note
-------+----------+-------------------------------------------
     0 | D:1      | gelatine the Demonspawn Air Elementalist began the quest
                  | for the Orb.
     0 | D:1      | Reached XP level 1. HP: 13/13 MP: 3/3
   357 | D:1      | Reached skill level 3 in Air Magic
   357 | D:1      | Gained mutation: You have an unusually large brain. (Int
                  | +2) [demonic ancestry]
   357 | D:1      | Reached XP level 2. HP: 19/19 MP: 1/5
   696 | D:1      | Learned a level 2 spell: Static Discharge
  1374 | D:2      | Slain by a worm

Illustrated notes

Levels and vault maps discovered:
D:1:      kennysheep_arrival_seaside, layout_loops_corners,
          nicolae_concentric_dashed_squares_mild
D:2:      layout_loops_corners, serial_shops, shop, minmay_pentomino_w2

Skill      XL: |  1  2 |
---------------+-------+-----
Air Magic      | 3 |  3.2
Dodging        | 2 |  2.0
Fighting       | |  0.2
Stealth        | |  1.8
Spellcasting   | |  2.1
Conjurations   | |  1.3

Action                     || total
---------------------------++-------
  Melee: Unarmed           ||     4
         Short sword       ||    13
         Club              ||    10
   Cast: Shock             ||    39
 Armour: Robe              ||     3
  Dodge: Dodged            ||    15
